Map: Central Protocol

Players

Harstem

  • Race: Protoss Protoss
  • League: Platinum

Nerchio - Winner!

  • Race: Zerg Zerg
  • League: Grandmaster

Event: NationWars III

VOD

Have the link to the VOD?

Description

Time

  • Played on: Jan. 2, 2016, 1:03 p.m.
  • Length: 8:14

All games in this series

Show
View Real Time Build Order
Export as new Build Order

Harstem Protoss 

Build Orders: Nexus First, Oracle Opening 

Get SALT Encoding   

  12  0:01  Probe (Chrono Boost)  
  13  0:11  Probe (Chrono Boost)  
  14  0:18  Pylon  
  14  0:22  Probe (Chrono Boost)  
  15  0:36  Probe (Chrono Boost)  
  16  0:47  Probe (Chrono Boost)  
  17  1:00  Nexus  
  17  1:09  Gateway  
  17  1:12  Probe (Chrono Boost)  
  18  1:20  Assimilator  
  18  1:22  Probe (Chrono Boost)  
  19  1:31  Assimilator  
  20  1:33  Probe (Chrono Boost)  
  20  1:42  Gateway  
  20  1:43  Probe (Chrono Boost)  
  21  1:54  Probe (Chrono Boost)  
  22  1:58  Cybernetics Core  
  22  2:04  Probe (Chrono Boost)  
  23  2:13  Probe (Chrono Boost)  
  23  2:15  Probe (Chrono Boost)  
  25  2:23  Probe (Chrono Boost)  
  25  2:25  Probe (Chrono Boost)  
  27  2:33  Probe (Chrono Boost)  
  27  2:35  Adept x2 (Chrono Boost)  
  27  2:36  Probe, Warp Gate  
  33  2:44  Pylon  
  33  2:45  Probe  
  33  2:48  Probe (Chrono Boost)  
  35  2:57  Probe (Chrono Boost)  
  36  2:59  Sentry  
  36  3:02  Probe (Chrono Boost)  
  36  3:05  Stargate  
  39  3:08  Probe (Chrono Boost)  
  41  3:13  Probe (Chrono Boost)  
  41  3:15  Pylon  
  41  3:19  Probe (Chrono Boost)  
  42  3:23  Pylon  
  42  3:24  Mothership Core (Chrono Boost)  
  44  3:30  Probe (Chrono Boost)  
  45  3:41  Probe (Chrono Boost), Gateway  
  46  3:43  Probe (Chrono Boost)  
  47  3:51  Probe (Chrono Boost)  
  47  3:54  Oracle (Chrono Boost)  
  47  3:55  Probe (Chrono Boost)  
  49  4:02  Probe  
  49  4:06  Probe  
  50  4:14  Probe  
  42  4:17  Adept x2 (Chrono Boost)  
  42  4:21  Probe  
  47  4:27  Probe, Oracle  
  51  4:33  Probe  
  52  4:39  Probe  
  52  4:41  Adept  
  52  4:45  Probe  
  55  4:50  Adept  
  55  4:51  Probe, Adept  
  58  4:56  Assimilator  
  58  4:57  Probe  
  58  4:58  Pylon  
  59  5:03  Probe (Chrono Boost)  
  59  5:05  Assimilator  
  60  5:07  Pylon  
  60  5:09  Probe (Chrono Boost)  
  60  5:11  Pylon  
  61  5:15  Probe (Chrono Boost)  
  61  5:20  Probe (Chrono Boost)  
  63  5:25  Probe (Chrono Boost)  
  63  5:27  Sentry, Nexus  
  66  5:29  Pylon  
  66  5:31  Probe (Chrono Boost)  
  66  5:33  Adept  
  69  5:36  Probe (Chrono Boost)  
  69  5:41  Probe (Chrono Boost)  
  71  5:46  Probe (Chrono Boost)  
  71  5:48  Forge  
  72  5:50  Pylon  
  72  5:52  Probe (Chrono Boost)  
  72  5:53  Sentry x2  
  77  6:00  Probe (Chrono Boost)  
  78  6:05  Pylon, Void Ray (Chrono Boost)  
  78  6:08  Probe, Pylon  
  83  6:11  Adept  
  83  6:17  Adept  
  87  6:19  Protoss Ground Weapons Level 1 (Chrono Boost)  
  87  6:20  Adept  
  87  6:21  Probe  
  87  6:27  Probe  
  87  6:32  Probe  
  88  6:39  Probe x2 (Chrono Boost)  
  91  6:42  Sentry, Adept, Photon Cannon  
  91  6:43  Probe (Chrono Boost)  
  91  6:44  Gateway  
  96  6:51  Probe (Chrono Boost)  
  96  6:52  Probe (Chrono Boost)  
  98  6:55  Probe (Chrono Boost)  
  99  7:02  Probe (Chrono Boost)  
  99  7:04  Adept  
  99  7:05  Zealot  
  99  7:06  Probe (Chrono Boost)  
  99  7:08  Twilight Council  
  105  7:13  Probe (Chrono Boost)  
  106  7:18  Gateway  
  106  7:19  Probe (Chrono Boost)  
  106  7:20  Pylon  
  106  7:21  Probe (Chrono Boost)  
  106  7:22  Assimilator  
  108  7:24  Probe (Chrono Boost), Phoenix (Chrono Boost)  
  108  7:27  Pylon  
  108  7:29  Assimilator  
  111  7:30  Pylon x2  
  111  7:36  Stalker x2  
  115  7:46  Phoenix (Chrono Boost)  
  115  7:48  Stalker x2  
  118  7:52  Probe  
  118  8:01  Stalker x2  
Show
View Real Time Build Order
Export as new Build Order

Nerchio Zerg - Winner!

Build Orders: Hatch First 

Get SALT Encoding   

  12  0:00  Drone  
  13  0:12  Overlord  
  13  0:16  Drone  
  14  0:31  Drone x2  
  14  0:35  Drone  
  17  0:53  Hatchery  
  17  0:56  Drone  
  17  1:00  Drone  
  17  1:03  Extractor  
  17  1:15  Spawning Pool  
  17  1:18  Drone  
  17  1:22  Drone  
  18  1:28  Drone  
  19  1:39  Overlord  
  19  2:02  Queen, Zergling x4  
  19  2:04  Queen  
  19  2:08  Metabolic Boost  
  25  2:12  Drone  
  25  2:15  Drone  
  27  2:18  Drone  
  27  2:22  Drone  
  29  2:29  Drone  
  30  2:32  Drone  
  32  2:37  Drone  
  32  2:47  Hatchery  
  32  2:49  Drone  
  32  2:57  Evolution Chamber, Overlord  
  31  2:58  Drone  
  31  3:03  Zergling x2  
  33  3:09  Zergling x4  
  34  3:13  Zergling x2  
  34  3:15  Zergling x2  
  34  3:16  Zergling x6  
  34  3:18  Zergling x2  
  40  3:22  Overlord  
  40  3:33  Drone x2  
  42  3:42  Drone x2  
  42  3:44  Drone  
  42  3:45  Drone x2  
  47  3:52  Drone x2  
  47  3:53  Drone x2  
  50  3:59  Overlord  
  50  4:00  Drone x2  
  52  4:05  Extractor  
  51  4:10  Overlord  
  51  4:11  Drone  
  51  4:13  Drone  
  51  4:14  Drone  
  51  4:15  Drone x2  
  55  4:20  Extractor  
  55  4:21  Drone, Extractor  
  55  4:22  Drone x2  
  54  4:25  Spore Crawler  
  54  4:27  Spore Crawler  
  54  4:31  Drone  
  53  4:32  Lair  
  53  4:34  Drone  
  53  4:35  Drone  
  53  4:36  Drone  
  53  4:37  Drone  
  56  4:41  Drone  
  56  4:42  Drone  
  58  4:51  Drone x2  
  58  4:52  Spore Crawler  
  57  4:53  Extractor  
  57  4:54  Drone x3  
  57  4:55  Drone, Extractor  
  57  4:58  Drone  
  56  5:04  Roach Warren  
  56  5:05  Zergling x4  
  56  5:08  Zergling x2  
  56  5:13  Zergling x2  
  60  5:14  Queen  
  62  5:22  Zergling x4  
  63  5:29  Zergling x2  
  63  5:30  Zergling x14  
  71  5:37  Spire  
  69  5:45  Roach x2  
  69  5:46  Overlord x2  
  73  5:50  Overlord  
  73  5:59  Roach  
  73  6:01  Overlord x3  
  74  6:10  Drone x2  
  76  6:21  Drone x3  
  76  6:23  Drone  
  79  6:51  Mutalisk x4  
  79  6:52  Mutalisk x4  
  79  6:53  Mutalisk  
  92  7:01  Mutalisk  
  92  7:04  Mutalisk x3  
  92  7:06  Drone x2  
  100  7:10  Mutalisk  
  100  7:12  Overlord  
  100  7:14  Overlord  
  102  7:17  Extractor  
  102  7:21  Extractor  
  100  7:25  Roach x2  
  100  7:27  Overlord x2  
  104  7:32  Roach x4  
  104  7:35  Roach  
  104  7:37  Hatchery, Roach  
  116  7:41  Roach  
  116  7:43  Overlord  
  119  7:44  Roach x2  
  119  7:53  Roach x5  
  119  7:55  Roach  
Tags
 
Add a new tag
Caveats
  • Supply blocks, unpowered buildings, or Contaminate may cause inaccurate times.
  • Supply counts are checked every 10 seconds.